 Dungeon Crawl Stone Soup version 0.31-a0-187-gba352fbbf7 (webtiles) character file.

Game seed: 13223054883608444593

45 qw the Shooter (level 3, -3/20 HPs)
             Began as a Deep Elf Hunter on June 22, 2023.
             Slain by Terence
             ... wielding a +0 flail
              (5 damage)
             ... on level 2 of the Dungeon.
             The game lasted 00:00:19 (703 turns).

qw the Shooter (Deep Elf Hunter)                     Turns: 703, Time: 00:00:19

Health: -3/20      AC:  5    Str: 10    XL:     3   Next: 42%
Magic:  5/5        EV: 11    Int: 13    God:
Gold:   46         SH:  0    Dex: 18    Spells: 2/2 levels left

rFire   . . .        Y - +1 shortbow
rCold   . . .        (shield currently unavailable)
rNeg    . . .        g - +0 ring mail
rPois   .            (no helmet)
rElec   .            (no cloak)
rCorr   .            (no gloves)
SInv    .            (no boots)
Will    .....        (no amulet)
Stlth   +            (no ring)
HPRegen 0.23/turn    (no ring)
MPRegen 0.09/turn

%: no passive effects
@: lethally poisoned (-3 -> -10)
A: no striking features
a: no special abilities


You were on level 2 of the Dungeon.
You visited 1 branch of the dungeon, and saw 2 of its levels.

You collected 46 gold pieces.


   Skills:
 - Level 1.5 Fighting
 + Level 7.0 Ranged Weapons
 - Level 2.4 Dodging
 - Level 1.2 Stealth


You had 2 spell levels left.
You didn't know any spells.
Your spell library was empty.

Inventory:

Hand Weapons
 Y - a +1 shortbow (weapon)
Armour
 g - a +0 ring mail (worn)
Scrolls
 e - a scroll of identify
Potions
 h - a potion of degeneration {unknown}
 i - a potion of haste {unknown}

Dungeon Overview and Level Annotations

Branches:
Dungeon (2/15)

Altars:

Annotations:
D:2 Terence


Message History

An adder comes into view.
A hobgoblin comes into view.
You shoot an arrow. The arrow misses the adder.
The adder bites you.
You shoot an arrow. The arrow closely misses the adder.
The arrow hits the adder but does no damage.
The adder barely misses you.
A kobold comes into view. It is wielding a +0 dagger.
The adder misses you.
You shoot an arrow. The arrow misses the adder.
The kobold shouts!
The arrow hits the adder.
The adder is lightly wounded.
Terence shouts, "ATTACK!!!"
The adder bites you but does no damage.
You shoot an arrow. The arrow misses the adder. x2
The arrow hits Terence but does no damage.
The adder bites you.
A kobold comes into view. It is wielding a +0 whip.
You shoot an arrow. The arrow closely misses the adder.
The arrow hits the endoplasm!
You kill the endoplasm!
The adder barely misses you. The adder bites you.
You are poisoned.
The adder poisons you!
You shoot an arrow. The arrow hits the adder.
The adder is lightly wounded.
You feel sick. The adder bites you. x2
You are lethally poisoned!
The adder poisons you!
The adder bites you but does no damage. x2
You shoot an arrow. The arrow hits the adder!
You kill the adder!
You feel very sick. The adder bites you.
Your Ranged Weapons skill increases to level 7!
You shoot an arrow. The arrow barely misses Terence.
The arrow barely misses the hobgoblin.
You feel very sick. The adder bites you but does no damage.
Terence closely misses you. The adder barely misses you.
Terence hits you with a +0 flail.
You die... ################## #..............S@# #.##############@# ......... lgK.

#.######.
##K.##
#.# .#.#
..#### .
.. .....#
. .##
.....# ..
.# ....(#


You could see Terence, an adder, a hobgoblin, 2 kobolds and a frilled lizard.

Vanquished Creatures
  An adder (D:2)
  A dart slug (D:2)
  6 ball pythons (D:1)
  5 bats
  2 endoplasms
  2 giant cockroaches (D:1)
  2 goblins
  2 hobgoblins (D:1)
  3 kobolds (D:1)
  4 quokkas
  4 rats
32 creatures vanquished.

Notes
Turn   | Place    | Note
-------+----------+-------------------------------------------
     0 | D:1      | qw the Deep Elf Hunter began the quest for the Orb.
     0 | D:1      | Reached XP level 1. HP: 12/12 MP: 3/3
     0 | D:1      | 0 ||| qw: Version: 0.3-a-9-g12657ce
     0 | D:1      | 0 ||| qw: Game counter: 2008
     0 | D:1      | 0 ||| qw: Always use a shield: true
     0 | D:1      | 0 ||| qw: God list: Okawaru
     0 | D:1      | 0 ||| qw: Allow faded altars: false
     0 | D:1      | 0 ||| qw: Do Orc after D:15 true
     0 | D:1      | 0 ||| qw: Do second Lair branch before Depths: true
     0 | D:1      | 0 ||| qw: Lair rune preference: random
     0 | D:1      | 0 ||| qw: Plans: Normal
     0 | D:1      | 0 ||| PLANNING D:1-11
   164 | D:1      | Reached XP level 2. HP: 16/16 MP: 4/4
   168 | D:1      | Reached skill level 6 in Ranged Weapons
   346 | D:1      | Found a faded altar of an unknown god.
   603 | D:1      | 603 ||| UPGRADING to +0 ring mail.
   613 | D:1      | 613 ||| DROPPING +0 leather armour.
   614 | D:1      | 614 ||| READING scroll labelled NEODURCHEYGG.
   615 | D:1      | 615 ||| READING 2 scrolls labelled SILEMAW FIFICW.
   616 | D:1      | 616 ||| READING scroll labelled QEGACE UVEFE.
   617 | D:1      | 617 ||| READING scroll labelled DOIBUY CONUMY.
   618 | D:1      | 618 ||| DROPPING scroll of butterflies.
   648 | D:2      | Reached XP level 3. HP: 20/20 MP: 5/5
   693 | D:2      | Noticed Terence
   702 | D:2      | HP: 5/20 [adder (1)]
   703 | D:2      | Reached skill level 7 in Ranged Weapons
   703 | D:2      | HP: 2/20 [poisoned by an adder]
   703 | D:2      | Slain by Terence

Levels and vault maps discovered:
D:1:      dpeg_arrival_long_road, layout_loops_ring, basic_ecumenical_altar
D:2:      layout_basic, st_stairs_8, uniq_terence

Skill      XL: |  1  2  3 |
---------------+----------+-----
Ranged Weapons | 6 7 |  7.0
Fighting       | |  1.5
Dodging        | |  2.4
Stealth        | |  1.2

Action                     || total
---------------------------++-------
   Fire: Shortbow          ||    75
    Use: Scroll            ||     4
 Armour: Leather armour    ||     1
         Ring mail         ||     4
  Dodge: Dodged            ||    10

Table legend:
 A = Non-vault XP
 B = Vault XP
 C = Vault XP percentage of total XP
 D = Non-vault monster count
 E = Vault monster count
 F = Vault count percentage of total count
                 A         B        C        D         E       F
            +---------+---------+-------+---------+---------+-------
      Total |      63 |       2 |   3.1 |      31 |       1 |   3.1
            +---------+---------+-------+---------+---------+-------
        D:1 |      40 |       0 |   0.0 |      25 |       0 |   0.0
        D:2 |      23 |       2 |   8.0 |       6 |       1 |  14.3
            +---------+---------+-------+---------+---------+-------
